 Dungeon Crawl Stone Soup version 0.31-a0-339-gda1cbd555d (webtiles) character file.

Game seed: 10972308462244611514

258 Graywind the Poker (level 6, -1/53 HPs)
             Began as a Gnoll Berserker on July 20, 2023.
             Was a Believer of Trog.
             Slain by a gnoll
             ... wielding a +0 halberd
              (10 damage)
             ... on level 4 of the Dungeon.
             The game lasted 00:13:34 (1352 turns).

Graywind the Poker (Gnoll Berserker)                Turns: 1352, Time: 00:13:35

Health: -1/53      AC:  4    Str: 18    XL:     6   Next: 16%
Magic:  0/0        EV: 13    Int: 10    God:    Trog [**....]
Gold:   135        SH:  0    Dex: 12    Spells: 8/8 levels left

rFire   . . .        a - +2 spear (chaos)
rCold   + + .        f - orb {mayhem}
rNeg    . . .        h - +2 robe of Eternity {rC++ MP-9 Int+4 SInv}
rPois   .            (no helmet)
rElec   .            (no cloak)
rCorr   .            (no gloves)
SInv    +            (no boots)
Will    ++...        b - amulet of magic regeneration
Stlth   ++           (no ring)
HPRegen 1.28/turn    (no ring)
MPRegen 0.47/turn

%: mayhem
@: strong-willed, regenerating
A: fangs 1, strong nose, distributed training
a: Renounce Religion, Berserk, Trog's Hand


You were on level 4 of the Dungeon.
You worshipped Trog.
Trog was pleased with you.
You visited 1 branch of the dungeon, and saw 4 of its levels.

You collected 135 gold pieces.

Inventory:

Hand Weapons
 a - a +2 spear of chaos (weapon)
Missiles
 d - 9 javelins (quivered)
Armour
 e - a +0 buckler
 f - an orb of mayhem (worn)
 h - the +2 robe of Eternity (worn) {rC++ MP-9 Int+4 SInv}
   (You found it on level 3 of the Dungeon)

   Int:       It affects your intelligence (+4).
   rC:        It greatly protects you from cold.
   MP:        It affects your magic capacity (-9).
   SInv:      It lets you see invisible.
Jewellery
 b - an amulet of magic regeneration (around neck)
Talismans
 g - a maw talisman
Scrolls
 i - a scroll of blinking
 j - a scroll of teleportation
Potions
 c - 3 potions of haste


   Skills:
 + Level 6.8 Fighting
 + Level 1.8 Short Blades
 + Level 1.8 Long Blades
 + Level 1.8 Axes
 + Level 1.8 Maces & Flails
 + Level 6.8 Polearms
 + Level 1.8 Staves
 + Level 1.8 Ranged Weapons
 + Level 1.8 Throwing
 + Level 4.9 Armour
 + Level 4.9 Dodging
 + Level 1.8 Stealth
 + Level 1.8 Shields
 + Level 1.8 Unarmed Combat
 + Level 1.8 Spellcasting
 + Level 1.4 Conjurations
 + Level 1.4 Hexes
 + Level 1.4 Summonings
 + Level 1.4 Necromancy
 + Level 1.4 Translocations
 + Level 1.4 Transmutations
 + Level 1.4 Fire Magic
 + Level 1.4 Ice Magic
 + Level 1.4 Air Magic
 + Level 1.4 Earth Magic
 + Level 1.4 Poison Magic
 + Level 2.0 Invocations
 + Level 1.8 Evocations
 + Level 1.4 Shapeshifting


You had 8 spell levels left.
You didn't know any spells.
Your spell library was empty.

Dungeon Overview and Level Annotations

Branches:
Dungeon (4/15)
 Temple: D:4-7

Altars:
Gozag


Innate Abilities, Weirdness & Mutations

You have very sharp teeth.
Your uncanny sense of smell can sniff out nearby items.
Your experience applies equally to all skills.


Message History

You kill the jelly!
Trog accepts your kill.
You recover from your berserk rage.
Reach: a) +2 spear (chaos)
Press: ? - help, Dir - move target, f - gnoll
Aim: a gnoll, wielding a +0 halberd (moderately wounded, covered in acid, about 29% to evade your +2 spear of chaos)
You reach to attack!
You puncture the gnoll!
The gnoll goes berserk!
The gnoll is almost dead.
The gnoll hits you from afar with a +0 halberd!
You hit the gnoll.
The gnoll is poisoned.
The gnoll is moderately wounded.
The gnoll barely misses you.
The gnoll hits you from afar with a +0 halberd!!
You barely miss the gnoll. You bite the gnoll, but do no damage.
The gnoll is moderately wounded.
You hit the gnoll.
The gnoll is heavily wounded.
The gnoll misses you.
You barely miss the gnoll.
The gnoll is heavily wounded.
The gnoll hits you from afar with a +0 halberd!
* * * LOW HITPOINT WARNING * * *
The gnoll completely misses you. x2
Your skin crawls.
You feel strong-willed. The gnoll barely misses you.
The gnoll hits you from afar with a +0 halberd!
* * * LOW HITPOINT WARNING * * *
You hit the gnoll but do no damage.
The gnoll is severely wounded.
The gnoll misses you. x2
You puncture the gnoll! You freeze the gnoll.
You kill the gnoll!
Trog accepts your kill. The gnoll barely misses you.
You hit the gnoll.
The gnoll is lightly wounded.
The gnoll blinks!
The gnoll hits you from afar with a +0 halberd!
You die...

########## #### ## ###
#........####...#... #..#
#.######..##........
#...##.#######...........
#.........^.....)g.......
##.......######.g).$.....
....###>#...# #§#........
###. #.###...##@##.......
###.###.# ##....# ##.!...
....)##.## ###..# .....
....†..).# ##.. ....
###..))).# ##. ....
#..#...#### ..
#..#.<....# ..
....#.####.... ...
.......# ...


You could see 2 gnolls.

Vanquished Creatures
  A hound (D:3)
  A jelly (D:4)
  An orc priest (D:4)
  An iguana (D:4)
  4 gnolls
  4 adders (D:3)
  2 worms
  A dart slug (D:3)
  2 orcs (D:4)
  7 endoplasms
  A giant cockroach (D:3)
  A goblin (D:3)
  3 hobgoblins
  10 jackals
  2 quokkas (D:4)
  4 ball pythons
  2 bats
  3 frilled lizards
  3 kobolds
  6 rats
59 creatures vanquished.

Vanquished Creatures (collateral kills)
  2 gnolls
  An orc (D:4)
  A kobold (D:4)
4 creatures vanquished.

Vanquished Creatures (others)
  A ball python (D:3)
  A frilled lizard (D:3)
2 creatures vanquished.

Grand Total: 65 creatures vanquished

Notes
Turn   | Place    | Note
-------+----------+-------------------------------------------
     0 | D:1      | Graywind the Gnoll Berserker began the quest for the Orb.
     0 | D:1      | Reached XP level 1. HP: 23/23 MP: 1/1
   134 | D:1      | Reached XP level 2. HP: 18/29 MP: 2/2
   431 | D:2      | Reached XP level 3. HP: 35/35 MP: 3/3
   562 | D:3      | Reached skill level 1 in Invocations
   565 | D:3      | Reached skill level 1 in Short Blades
   565 | D:3      | Reached skill level 1 in Long Blades
   565 | D:3      | Reached skill level 1 in Axes
   565 | D:3      | Reached skill level 1 in Maces & Flails
   565 | D:3      | Reached skill level 1 in Staves
   565 | D:3      | Reached skill level 1 in Ranged Weapons
   565 | D:3      | Reached skill level 1 in Throwing
   565 | D:3      | Reached skill level 1 in Stealth
   565 | D:3      | Reached skill level 1 in Shields
   565 | D:3      | Reached skill level 1 in Unarmed Combat
   565 | D:3      | Reached skill level 1 in Spellcasting
   565 | D:3      | Reached skill level 1 in Evocations
   568 | D:3      | Reached XP level 4. HP: 34/41 MP: 5/5
   613 | D:3      | Identified the +2 robe of Eternity {rC++ MP-9 Int+4 SInv}
   686 | D:3      | Found a faded altar of an unknown god.
   852 | D:3      | Reached ** piety under Trog
   853 | D:3      | Reached skill level 1 in Conjurations
   853 | D:3      | Reached skill level 1 in Hexes
   853 | D:3      | Reached skill level 1 in Summonings
   853 | D:3      | Reached skill level 1 in Necromancy
   853 | D:3      | Reached skill level 1 in Translocations
   853 | D:3      | Reached skill level 1 in Transmutations
   853 | D:3      | Reached skill level 1 in Fire Magic
   853 | D:3      | Reached skill level 1 in Ice Magic
   853 | D:3      | Reached skill level 1 in Air Magic
   853 | D:3      | Reached skill level 1 in Earth Magic
   853 | D:3      | Reached skill level 1 in Poison Magic
   853 | D:3      | Reached skill level 1 in Shapeshifting
   949 | D:3      | Reached XP level 5. HP: 46/47 MP: 0/7
  1233 | D:3      | Found an opulent altar of Gozag.
  1340 | D:4      | Reached XP level 6. HP: 53/53 MP: 0/8
  1352 | D:4      | Slain by a gnoll

Illustrated notes

Levels and vault maps discovered:
D:1:      onia_arrival_mini_spirals, layout_basic, serial_co_window_serial,
          co_window_of_opportunity_a, co_window_paths_a, co_window_corner_a,
          co_window_corner_a, co_window_of_opportunity_a, co_window_corner_cb,
          co_window_corner_b, co_window_broadway_a, co_window_2corner,
          co_window_broadway_c, co_window_of_opportunity_c, glass_columns_a,
          glass_columns_c, glass_columns_b, glass_columns_a, glass_columns_a
D:2:      layout_loops_cross, minmay_pentomino_x2
D:3:      minmay_razor_zed, layout_basic, grunt_gozag_statues,
          ebering_ecumenical_altar_petrified, serial_bayou, serial_bayou_pond_d,
          serial_bayou_ford_a, serial_bayou_pond_c, serial_bayou_lagoon_b,
          minmay_joined_circles, uniq_grinder
D:4:      layout_rooms, minitemple, temple_green

Skill      XL: |  1  2  3  4  5 |
---------------+----------------+-----
Invocations    | 1 2 |  2.0
Short Blades   | 1 |  1.8
Long Blades    | 1 |  1.8
Axes           | 1 |  1.8
Maces & Flails | 1 |  1.8
Staves         | 1 |  1.8
Ranged Weapons | 1 |  1.8
Throwing       | 1 |  1.8
Stealth        | 1 |  1.8
Shields        | 1 |  1.8
Unarmed Combat | 1 |  1.8
Spellcasting   | 1 |  1.8
Evocations     | 1 |  1.8
Conjurations   | 1 |  1.4
Hexes          | 1 |  1.4
Summonings     | 1 |  1.4
Necromancy     | 1 |  1.4
Translocations | 1 |  1.4
Transmutations | 1 |  1.4
Fire Magic     | 1 |  1.4
Ice Magic      | 1 |  1.4
Air Magic      | 1 |  1.4
Earth Magic    | 1 |  1.4
Poison Magic   | 1 |  1.4
Shapeshifting  | 1 |  1.4
Fighting       | |  6.8
Polearms       | |  6.8
Armour         | |  4.9
Dodging        | |  4.9

Action                     |  1- 3 |  4- 6 || total
---------------------------+-------+-------++-------
  Melee: Spear             |   108 |    90 ||   198
         Bite              |     6 |     5 ||    11
  Throw: Javelin           |     4 |       ||     4
 Invoke: Berserk           |       |     2 ||     2
         Trog's Hand       |       |     1 ||     1
    Use: Scroll            |     4 |     6 ||    10
         Potion            |     1 |     5 ||     6
   Stab: Sleeping          |       |     2 ||     2
         Distracted        |       |     2 ||     2
 Armour: Ring mail         |    26 |     3 ||    29
         Robe              |       |     7 ||     7
  Dodge: Dodged            |    50 |    39 ||    89

Table legend: (Time is in decaauts)
 A = Elapsed time spent in this place.
 B = Non-inter-level travel time spent in this place.
 C = Inter-level travel time spent in this place.
 D = Time resting spent in this place.
 E = Time spent auto-exploring this place.
 F = Levels seen in this place.
 G = Mean time per level.
                   A        B        C        D        E       F      G
               +--------+--------+--------+--------+--------+-----+--------+
         Total |   1314 |   1314 |      0 |      0 |      0 |   4 |  328.5 |
       Dungeon |   1314 |   1314 |      0 |      0 |      0 |   4 |  328.5 |
               +--------+--------+--------+--------+--------+-----+--------+

Top non-repeatable levels by time:
     D:3: 735 daAuts
     D:2: 264 daAuts
     D:1: 239 daAuts
     D:4: 74 daAuts
